 Dungeon Crawl Stone Soup version 0.26-a0-28-gc929df5585 (webtiles) character file.

Game seed: 4287871910302193823, levelgen mode: deterministic

14 Maedhros the Sneak (level 2, -3/18 HPs)
             Began as an Octopode Artificer on May 28, 2020.
             Slain by an adder (4 damage)
             ... on level 2 of the Dungeon.
             The game lasted 00:01:11 (203 turns).

Maedhros the Sneak (Octopode Artificer)              Turns: 203, Time: 00:01:12

Health: -3/18      AC:  1    Str: 11    XL:     2   Next: 41%
Magic:  4/4        EV: 13    Int: 13    God:
Gold:   29         SH:  0    Dex: 12    Spells: 1/1 levels left

rFire    . . .     SeeInvis .   a - +0 short sword
rCold    . . .     Gourm    .   (no shield)
rNeg     . . .     Faith    .   (helmet restricted)
rPois    .         Spirit   .   (no amulet)
rElec    .         Reflect  .   (no ring)
rCorr    .         Harm     .   (no ring)
MR       .....                  (no ring)
Stlth    +++.......             (no ring)
HPRegen  0.06/turn              (no ring)
MPRegen  0.09/turn              (no ring)
                                (no ring)
                                (no ring)

@: no status effects
A: almost no armour, stealthy swim, amphibious, 8 rings, constrict 8, camouflage
1, gelatinous body 1
a: no special abilities


You were on level 2 of the Dungeon.
You were not hungry.

You visited 1 branch of the dungeon, and saw 2 of its levels.

You collected 29 gold pieces.

Inventory:

Hand Weapons
 a - a +0 short sword (weapon)
Wands
 b - a wand of flame (15)
 c - a wand of enslavement (12)
 d - a wand of random effects (15)
Scrolls
 e - a scroll of enchant armour {unknown}
 g - a scroll of teleportation {unknown}
 h - a scroll of identify {unknown}
Comestibles
 f - 3 rations


   Skills:
 - Level 1.0 Fighting
 - Level 1.0 Short Blades
 - Level 2.0 Dodging
 + Level 3.5 Stealth
 - Level 3.2 Evocations


You had one spell level left.
You didn't know any spells.
Your spell library was empty.

Dungeon Overview and Level Annotations

Branches:
Dungeon (2/15)

Altars:
Ru


Innate Abilities, Weirdness & Mutations

You cannot wear most types of armour.
You are very stealthy in the water. (Stealth+)
You are amphibious.
You can wear up to eight rings at the same time.
You can use your tentacles to constrict eight enemies at once.
Your skin changes colour to match your surroundings (Stealth+).
Your rubbery body absorbs attacks. (AC +1, EV +1)


Message History

Aiming: Enslavement
Press: ? - help, Shift-Dir - straight line, f - rat
Aim: a rat (chance to defeat MR: 72%)
The rat is charmed.
The bat hits you.
* * * LOW HITPOINT WARNING * * *
Your leopard gecko bites the bat.
The bat dies!
The kobold hits your leopard gecko with a +0 dagger.
The hobgoblin hits your leopard gecko with a +0 club.
The rat bites you but does no damage.
Your rat closely misses the rat.
Evoke which item? (* to show all) (? for menu, Esc to quit)
Aiming: Enslavement
Press: ? - help, Shift-Dir - straight line, f - rat, p - rat
Aim: a rat (chance to defeat MR: 72%)
The rat struggles to resist.
Your leopard gecko closely misses the kobold.
The kobold barely misses your leopard gecko.
The hobgoblin barely misses your leopard gecko.
The rat misses you.
Your leopard gecko bites the kobold.
The adder bites you.
You die...

.♣...##.........###.....
♣.....#..#......####....
.................# #.###
.................# #.# #
.................# #.. #
.....l..........## ##. .
.....#Kg.......## ##.
.......l†.......#
......S@r........#
...####r####......# ..
... ......# ..... ......
....... .... ...._....
.#.......#.
..#.......#..


You could see an adder, a hobgoblin, a kobold, a frilled lizard, a rat, a
friendly leopard gecko (charmed) and a friendly rat (charmed).

Vanquished Creatures
  A bat (D:1)
  A giant cockroach (D:1)
  2 goblins (D:1)
  A hobgoblin (D:1)
  A kobold (D:1)
  A ball python (D:1)
  3 frilled lizards
  3 rats
13 creatures vanquished.

Vanquished Creatures (collateral kills)
  A bat (D:2)
1 creature vanquished.

Grand Total: 14 creatures vanquished

Notes
Turn   | Place    | Note
-------+----------+-------------------------------------------
     0 | D:1      | Maedhros the Octopode Artificer began the quest for the
                  | Orb.
     0 | D:1      | Reached XP level 1. HP: 13/13 MP: 3/3
    49 | D:1      | Reached XP level 2. HP: 2/18 MP: 4/4
   194 | D:2      | Found a sacrificial altar of Ru.
   203 | D:2      | Slain by an adder

Illustrated notes

Levels and vault maps discovered:
D:1:      minmay_arrival_glassed_features, layout_basic,
          kennysheep_decorative_pillar
D:2:      layout_rooms, old_standard_altar, serial_forest,
          infiniplex_forest_diagonal, infiniplex_forest_end_1,
          infiniplex_forest_clump_long, infiniplex_forest_end_double,
          infiniplex_forest_clump_long, infiniplex_forest_clump_long,
          infiniplex_forest_zigzag_1, infiniplex_forest_straight_3,
          infiniplex_forest_clump_diagonal, infiniplex_forest_lined_2

Skill      XL: |  1  2 |
---------------+-------+-----
Stealth        | 2 3 |  3.5
Fighting       | |  1.0
Short Blades   | |  1.0
Dodging        | |  2.0
Evocations     | |  3.2

Action                   || total
-------------------------++-------
Melee: Short sword       ||    29
       Constrict         ||     5
       Tentacles         ||     3
Evoke: Wand              ||     3
 Stab: Sleeping          ||     2
Armor: Skin              ||     6
Dodge: Dodged            ||    19

Table legend:
 A = Non-vault XP
 B = Vault XP
 C = Vault XP percentage of total XP
 D = Non-vault monster count
 E = Vault monster count
 F = Vault count percentage of total count
                 A         B        C        D         E       F
            +---------+---------+-------+---------+---------+-------
      Total |      20 |       0 |   0.0 |      14 |       0 |   0.0
            +---------+---------+-------+---------+---------+-------
        D:1 |      17 |       0 |   0.0 |      11 |       0 |   0.0
        D:2 |       3 |       0 |   0.0 |       3 |       0 |   0.0
            +---------+---------+-------+---------+---------+-------
